 Dungeon Crawl Stone Soup version 0.19-a0-1821-g42c593c (webtiles) character file.

10116 Amnesiac the Bludgeoner (level 11, 0/119 HPs)
             Began as an Ogre Abyssal Knight on Oct 6, 2016.
             Was the Champion of Lugonu.
             Killed from afar by a deep elf mage (30 damage)
             ... with a bolt of magma
             ... on level 1 of the Orcish Mines.
             The game lasted 00:16:25 (9290 turns).

Amnesiac the Bludgeoner (Ogre Abyssal Knight)       Turns: 9290, Time: 00:16:25

Health: 0/119      AC: 14    Str: 19    XL:     11   Next: 57%
Magic:  12/12      EV: 10    Int: 11    God:    Lugonu [******]
Gold:   378        SH:  0    Dex: 12    Spells: 0 memorised, 10 levels left

rFire  . . .     SeeInvis +     i - +3 giant spiked club (distort)
rCold  . . .     Gourm    .     y - +1 robe {MR+}
rNeg   . . .     Faith    .     (shield currently unavailable)
rPois  .         Spirit   .     P - +2 hat
rElec  .         Dismiss  .     X - +1 cloak
rCorr  .         Reflect  .     (gloves unavailable)
MR     +++..     Harm     .     (boots unavailable)
Stlth  +.........               m - amulet of regeneration
                                u - +6 ring of protection
                                D - ring of the Republic {MR+ SInv}

@: no status effects
A: unfitting armour, claws 1, tough skin 1
a: Depart the Abyss, Bend Space, Banish, Corrupt, Enter the Abyss, Renounce
Religion


You were on level 1 of the Orcish Mines.
You worshipped Lugonu.
Lugonu was exalted by your worship.
You were not hungry.

You visited 3 branches of the dungeon, and saw 13 of its levels.
You visited the Abyss 1 time.
You also visited: Ossuary.

You collected 599 gold pieces.
You spent 221 gold pieces at shops.

Inventory:

Hand Weapons
 i - a +3 giant spiked club of distortion (weapon)
 p - a +2 mace of protection
Missiles
 E - 4 tomahawks (quivered)
Armour
 y - a +1 robe of magic resistance (worn)
 P - a +2 hat (worn)
 X - a +1 cloak (worn)
Jewellery
 a - an uncursed ring of protection from fire
 m - an amulet of regeneration (around neck)
 o - an uncursed ring of fire
 u - a +6 ring of protection (right claw)
 v - an uncursed ring of stealth
 D - the ring of the Republic (left claw) {MR+ SInv}
   (You found it on level 4 of the Dungeon)

   [ring of see invisible]

   It affects your resistance to hostile enchantments.
   It lets you see invisible.
 Y - an uncursed ring of resist corrosion
Wands
 b - a wand of disintegration (24/24)
 t - a wand of acid (7/15)
 F - a wand of confusion (12/48)
 U - a wand of random effects (35/48)
Scrolls
 d - a scroll of magic mapping
 f - 4 scrolls of noise
 g - 2 scrolls of remove curse
 j - 3 scrolls of identify
 n - 3 scrolls of enchant armour
 q - 6 scrolls of teleportation
 z - 2 scrolls of amnesia
 B - a scroll of fear
 K - a scroll of blinking
 L - 2 scrolls of recharging
 M - 4 scrolls of fog
Potions
 h - 4 potions of agility
 l - 7 potions of curing
 r - 3 potions of lignification
 w - 3 potions of haste {unknown}
 x - a potion of berserk rage {unknown}
 A - a potion of mutation {unknown}
 H - a potion of heal wounds
 I - 2 potions of might
 J - 2 potions of flight
 Q - a potion of cure mutation {unknown}
 R - 2 potions of cancellation {unknown}
 S - a potion of ambrosia {unknown}
Books
 N - a Young Poisoner's Handbook

   Spells                             Type                      Level
   a - Sting                          Conjuration/Poison           1
   b - Mephitic Cloud                 Conjuration/Poison/Air       3
   c - Olgreb's Toxic Radiance        Poison                       4
   d - Alistair's Intoxication        Transmutation/Poison         5
   e - Venom Bolt                     Conjuration/Poison           5
 W - a book of Minor Magic

   Spells                             Type                      Level
   a - Magic Dart                     Conjuration                  1
   b - Blink                          Translocation                2
   c - Call Imp                       Summoning                    2
   d - Repel Missiles                 Charms/Air                   2
   e - Slow                           Hexes                        2
   f - Conjure Flame                  Conjuration/Fire             3
   g - Mephitic Cloud                 Conjuration/Poison/Air       3
Comestibles
 c - 6 bread rations
 k - 9 meat rations
 s - 8 fruits
 C - 4 chunks of flesh
 G - 2 beef jerkies
 V - 10 royal jellies
 Z - 2 slices of pizza


   Skills:
 - Level 10.5 Fighting
 + Level 19.3 Maces & Flails
 - Level 2.1 Dodging
 - Level 2.0 Invocations


You had 10 spell levels left.
You didn't know any spells.

Dungeon Overview and Level Annotations

Branches:
Dungeon (11/15)            Temple (1/1) D:7             Orc (1/2) D:10
   Lair: D:8-11

Altars:
Cheibriados
Dithmenos
Fedhas
Gozag
Hepliaklqana
Kikubaaqudgha
Nemelex Xobeh
Okawaru
Sif Muna
Trog
Uskayaw
Xom
Yredelemnul

Shops:
D:5 !


Innate Abilities, Weirdness & Mutations

You are too large for most types of armour.
You have tough skin. (AC +1)
You have sharp fingernails.


Message History

The deep elf mage hits you but does no damage.
You completely miss the deep elf mage.
The deep elf mage is severely wounded.
The deep elf mage hits you with a rapier.
* * * LOW HITPOINT WARNING * * *
You thump the deep elf mage!
You kill the deep elf mage!
Lugonu accepts your kill.
You hit the deep elf mage.
The deep elf mage is moderately wounded.
The deep elf mage gestures at you while chanting.
The bolt of magma hits you!
* * * LOW HITPOINT WARNING * * *
You closely miss the deep elf mage.
The deep elf mage is moderately wounded.
The deep elf mage hits you but does no damage.
You feel much better.
The deep elf mage gestures at you while chanting.
The bolt of magma hits you!
You die...

.../ e#.....#.. #≈
.....#≈....#.. .
#≈≈..>..#≈.....#...
#≈≈##≈≈e≈≈.....#.#
.#≈≈≈##≈≈.#.#......
.......###...#.#...
.......)[).........
....#.).<[.........
.......@e..........
##........)........
#.......$........#.
#.............#...#
.#........)...#....
..$.............$.#
.##........#..#....
##..............
#...............


You could see a deep elf mage.

Vanquished Creatures
  Pikel (D:9)
  6 deep elf magi
  A manticore (D:11)
  Grinder (D:3)
  A two-headed ogre (D:8)
  A hippogriff (D:9)
  Sigmund (D:4)
  2 wyverns (D:8)
  Eustachio (D:4)
  2 hungry ghosts
  Edmund (D:4)
  Duvessa (D:6)
  2 slaves (D:9)
  2 phantoms
  2 black bears
  3 orc warriors (D:10)
  3 ice beasts (D:6)
  3 ogres
  3 centaurs
  A crocodile (D:9)
  5 elf zombies (Ossuary)
  A wyvern zombie (D:10)
  A bullfrog (D:9)
  2 wyvern skeletons (D:6)
  Dowan (D:6)
  3 troll zombies (D:10)
  6 killer bees (D:8)
  2 scorpions
  5 howler monkeys
  4 wights (D:8)
  3 crimson imps
  2 centaur zombies
  A human zombie (Ossuary)
  2 bullfrog zombies
  7 orc priests
  4 bullfrog skeletons
  6 hounds
  5 jellies
  Ijyb (D:3)
  A centaur skeleton (D:10)
  Terence (D:3)
  3 iguanas (D:4)
  Natasha (thrice) (D:1)
  5 orc wizards
  4 worker ants
  A killer bee zombie (D:8)
  5 ogre zombies (D:10)
  2 big kobold zombies (Ossuary)
  2 hound skeletons
  A hound zombie (D:5)
  2 mummies (Ossuary)
  A howler monkey skeleton (D:8)
  9 adders
  3 gnolls (D:4)
  2 shadow imps
  A white imp (D:8)
  7 oozes
  3 adder skeletons
  2 adder zombies (Ossuary)
  3 worms
  4 dart slugs
  The ghost of Charly the Sneak, a weakling SpEn of Dithmenos (D:7)
  9 leopard geckos
  30 orcs
  2 ball pythons
  4 giant cockroaches
  8 goblins
  9 hobgoblins
  8 jackals
  3 quokkas
  7 bats
  4 frilled lizards
  A goblin skeleton (D:10)
  5 goblin zombies (D:10)
  3 hobgoblin skeletons (D:10)
  11 hobgoblin zombies (Ossuary)
  9 kobolds
  9 kobold zombies (Ossuary)
  A leopard gecko skeleton (D:8)
  3 orc skeletons (D:10)
  18 orc zombies
  6 rats
315 creatures vanquished.

Vanquished Creatures (collateral kills)
  A crimson imp (D:10)
1 creature vanquished.

Vanquished Creatures (others)
  A deep elf mage (Orc:1)
  A jelly (D:9)
  A worker ant (D:9)
  An orc (Orc:1)
4 creatures vanquished.

Grand Total: 320 creatures vanquished

Notes
Turn   | Place    | Note
-------+----------+-------------------------------------------
     0 | Abyss:1  | Amnesiac the Ogre Abyssal Knight began the quest for the Orb.
     0 | Abyss:1  | Reached XP level 1. HP: 24/24 MP: 2/2
    29 | Abyss:1  | Noticed an anaconda skeleton
    42 | D:1      | Escaped the Abyss
   321 | D:1      | Reached skill level 3 in Maces & Flails
   333 | D:1      | Reached * piety under Lugonu
   382 | D:1      | Reached XP level 2. HP: 19/32 MP: 3/3
   398 | D:1      | Reached skill level 4 in Maces & Flails
   610 | D:1      | Reached XP level 3. HP: 39/39 MP: 4/4
   733 | D:1      | Reached skill level 5 in Maces & Flails
  1367 | D:2      | Noticed Natasha
  1370 | D:2      | Reached XP level 4. HP: 37/48 MP: 5/5
  1385 | D:1      | HP: 3/72 [Natasha/magic dart (4)]
  1386 | D:1      | Killed Natasha
  1386 | D:1      | Reached skill level 6 in Maces & Flails
  1738 | D:1      | Noticed Natasha
  1745 | D:1      | Killed Natasha
  1745 | D:1      | Reached XP level 5. HP: 40/54 MP: 6/6
  1840 | D:1      | Noticed Natasha
  1853 | D:1      | Killed Natasha
  1924 | D:2      | Reached skill level 7 in Maces & Flails
  1925 | D:2      | Found a blossoming altar of Fedhas.
  2004 | D:2      | Reached ** piety under Lugonu
  2034 | D:2      | Found an iron altar of Okawaru.
  2036 | D:2      | Found a bloodstained altar of Trog.
  2317 | D:3      | Noticed Terence
  2336 | D:3      | Killed Terence
  2490 | D:3      | Found a snail-covered altar of Cheibriados.
  2543 | D:3      | Reached skill level 8 in Maces & Flails
  2543 | D:3      | Reached XP level 6. HP: 62/62 MP: 7/7
  2770 | D:3      | Noticed Grinder
  2800 | D:3      | Paralysed by Grinder for 2 turns
  2803 | D:3      | Killed Grinder
  2803 | D:3      | Reached skill level 9 in Maces & Flails
  2803 | D:3      | Reached XP level 7. HP: 54/70 MP: 8/8
  2871 | D:3      | Noticed Ijyb
  2881 | D:3      | Killed Ijyb
  3000 | D:4      | Reached skill level 10 in Maces & Flails
  3080 | D:4      | Reached *** piety under Lugonu
  3154 | D:4      | Noticed Edmund
  3168 | D:4      | Killed Edmund
  3168 | D:4      | Reached skill level 11 in Maces & Flails
  3301 | D:4      | Noticed Sigmund
  3304 | D:4      | Reached XP level 8. HP: 77/78 MP: 9/9
  3314 | D:4      | Killed Sigmund
  3314 | D:4      | Reached skill level 12 in Maces & Flails
  3438 | D:4      | Got a heavily runed granite ring
  3458 | D:4      | Noticed Eustachio
  3481 | D:4      | Killed Eustachio
  3665 | D:4      | Reached skill level 13 in Maces & Flails
  3712 | D:5      | Entered Level 5 of the Dungeon
  3750 | D:5      | Found a hide-covered altar of Uskayaw.
  3907 | D:5      | Found Garrimoi's Distillery.
  4167 | D:5      | Bought a potion of heal wounds for 65 gold pieces
  4167 | D:5      | Bought a potion of might for 52 gold pieces
  4167 | D:5      | Bought a potion of flight for 39 gold pieces
  4167 | D:5      | Bought a potion of degeneration for 13 gold pieces
  4167 | D:5      | Bought a potion of agility for 52 gold pieces
  4168 | D:5      | Gained mutation: You have sharp fingernails. [potion of beneficial mutation]
  4428 | D:6      | Reached skill level 14 in Maces & Flails
  4428 | D:6      | Reached XP level 9. HP: 81/84 MP: 10/10
  4429 | D:6      | Reached **** piety under Lugonu
  4441 | D:6      | Reached skill level 5 in Fighting
  4944 | D:6      | Noticed Dowan
  4945 | D:6      | Noticed Duvessa
  4967 | D:6      | Killed Dowan
  5066 | D:6      | Killed Duvessa
  5160 | D:6      | Found a hazy altar of Hepliaklqana.
  5160 | D:6      | Found an ancient bone altar of Kikubaaqudgha.
  5160 | D:6      | Found a shimmering altar of Xom.
  5160 | D:6      | Found an opulent altar of Gozag.
  5193 | D:6      | Found a deep blue altar of Sif Muna.
  5197 | D:6      | Found a basalt altar of Yredelemnul.
  5310 | D:7      | Noticed Charly's ghost (weakling SpEn)
  5324 | D:7      | Killed Charly's ghost
  5375 | D:7      | Reached skill level 10 in Fighting
  5406 | D:7      | Found a staircase to the Ecumenical Temple.
  5700 | D:7      | Got a warped bone ring
  5928 | Temple   | Entered the Ecumenical Temple
  5985 | D:8      | Found a sand-covered staircase.
  6017 | Ossuary  | Entered an ossuary
  6028 | Ossuary  | Reached XP level 10. HP: 111/111 MP: 11/11
  6032 | Ossuary  | Reached ***** piety under Lugonu
  6228 | Ossuary  | Reached skill level 15 in Maces & Flails
  6352 | D:8      | Identified the ring of the Republic {MR+ SInv} (You found it on level 4 of the Dungeon)
  6354 | D:8      | Identified the cursed ring of Xyviocs {rN+ Str-4 Int+2 Dex-3} (You found it on level 7 of the Dungeon)
  6672 | D:8      | Reached skill level 16 in Maces & Flails
  6716 | D:8      | Found a sparkling altar of Nemelex Xobeh.
  7112 | D:8      | You fall through a shaft for 3 floors!
  7142 | D:11     | Noticed a manticore
  7156 | D:11     | Killed a manticore
  7285 | D:10     | Entered Level 10 of the Dungeon
  7365 | D:9      | Found a shadowy altar of Dithmenos.
  7658 | D:9      | Reached skill level 17 in Maces & Flails
  7767 | D:9      | Noticed Pikel
  7805 | D:9      | Killed Pikel
  7817 | D:9      | Reached XP level 11. HP: 36/119 MP: 12/12
  8404 | D:10     | Reached ****** piety under Lugonu
  8550 | D:10     | Found a staircase to the Orcish Mines.
  8571 | D:10     | Reached skill level 18 in Maces & Flails
  9092 | Orc:1    | Entered Level 1 of the Orcish Mines
  9095 | Orc:1    | Noticed a deep elf mage
  9095 | Orc:1    | Noticed a deep elf mage
  9095 | Orc:1    | Noticed a deep elf mage
  9095 | Orc:1    | Noticed a deep elf mage
  9095 | Orc:1    | Noticed a deep elf mage
  9095 | Orc:1    | Noticed a deep elf mage
  9096 | Orc:1    | Noticed a deep elf mage
  9096 | Orc:1    | Noticed a deep elf mage
  9112 | D:10     | Killed a deep elf mage
  9166 | D:10     | Identified a +3 giant spiked club of distortion (a +1 giant spiked club corrupted by Lugonu)
  9166 | D:10     | Received a gift from Lugonu
  9174 | Orc:1    | Banished a deep elf mage
  9178 | Orc:1    | Killed a deep elf mage
  9186 | D:10     | Killed a deep elf mage
  9261 | Orc:1    | Killed a deep elf mage
  9276 | Orc:1    | Killed a deep elf mage
  9276 | Orc:1    | Reached skill level 19 in Maces & Flails
  9278 | Orc:1    | Noticed a deep elf mage
  9287 | Orc:1    | Killed a deep elf mage
  9290 | Orc:1    | Killed from afar by a deep elf mage

Vault maps used:
D:1:      lightli_arrival_lavapool
D:2:      minitemple, lemuel_coloured_pillars_altar, uniq_natasha
D:3:      kennysheep_slug_shrine, uniq_terence, uniq_iyjb, uniq_grinder
D:4:      uniq_eustachio, uniq_edmund, uniq_sigmund
D:5:      kennysheep_mini_moat, serial_shops, nicolae_shop_window_shopping,
          first_bread, lemuel_old_faithful
D:6:      minmay_overflow_temple_hex, uniq_duvessa
D:8:      nemelex_xobeh_ov_fountains_minmay, enter_ossuary_1,
          hangedman_little_slice_of_home, minmay_fire_ice_demons
D:9:      minmay_misc_feat_columns, grunt_dithmenos_smoke_and_mirrors,
          uniq_pikel
D:10:     zombieorc2_lemuel
D:11:     minmay_bloctagon_deflated, grunt_lair_entry_orc_guard_hut
Temple:   nicolae_temple_figure_zero
Orc:1:    serial_shops, shop, elves_outpost_lemuel, uniq_urug
Ossuary:  ossuary_tomb_1

Skill      XL: |  1  2  3  4  5  6  7  8  9 10 11 |
---------------+----------------------------------+-----
Maces & Flails | 3 4 5 6 8 9 11 14 17 19 | 19.3
Fighting       | 10 | 10.5
Dodging        | |  2.1
Invocations    | |  2.0

Action                   |  1- 3 |  4- 6 |  7- 9 | 10-12 || total
-------------------------+-------+-------+-------+-------++-------
Melee: Mace              |   107 |   170 |   496 |   714 ||  1487
       Giant spiked club |       |       |       |    42 ||    42
Throw: Tomahawk          |     4 |     2 |     7 |       ||    13
Invok: Depart the Abyss  |     1 |       |       |       ||     1
       Brand Weapon With |       |       |       |     1 ||     1
  Use: Potion            |     1 |     1 |     1 |     1 ||     4
       Scroll            |       |     7 |       |    12 ||    19
 Stab: Sleeping          |     1 |     1 |       |     1 ||     3
  Eat: Chunk             |     2 |     4 |    13 |    14 ||    33
       Fruit             |       |       |     1 |       ||     1
Armor: Robe              |    33 |    76 |   196 |   332 ||   637
       Skin              |     7 |     1 |       |       ||     8
Dodge: Dodged            |    52 |    70 |   183 |   304 ||   609
